 Dungeon Crawl Stone Soup version 0.22.1-1-ga44c0e56f4 (webtiles) character file.

548 Cykl0x the Covert (level 7, -1/52 HPs)
             Began as a Spriggan Assassin on Nov 11, 2018.
             Was an Initiate of Dithmenos.
             Slain by a worker ant (4 damage)
             ... on level 4 of the Dungeon.
             The game lasted 00:25:20 (5974 turns).

Cykl0x the Covert (Spriggan Assassin)               Turns: 5974, Time: 00:25:21

Health: -1/52      AC: 23    Str:  8    XL:     7   Next: 7%
Magic:  9/9        EV:  4    Int: 13    God:    Dithmenos [......]
Gold:   190        SH:  0    Dex: 18    Spells: 4/8 levels left

rFire    . . .     SeeInvis +   l - +1 short sword
rCold    . . .     Gourm    .   (shield restricted)
rNeg     + + +     Faith    .   (armour currently unavailable)
rPois    +         Spirit   .   (helmet currently unavailable)
rElec    .         Reflect  .   (cloak currently unavailable)
rCorr    .         Harm     .   (gloves unavailable)
MR       +....     NoTele   +   (boots unavailable)
Stlth    ++++......             (no amulet)
HPRegen  0.17/turn              n - ring of flight
MPRegen  0.11/turn              (no ring)

@: lethally poisoned (-1 -> -8), tree-form
A: very small, unfitting armour, see invisible, herbivore, slow metabolism 2
a: Renounce Religion


You were on level 4 of the Dungeon.
You worshipped Dithmenos.
Dithmenos was noncommittal.
You were not hungry.
You were a tree.
You visited 2 branches of the dungeon, and saw 5 of its levels.

You collected 190 gold pieces.

Inventory:

Hand Weapons
 b - a +0 blowgun
 l - a +1 short sword (weapon)
Missiles
 e - 13 poisoned needles
 f - 2 curare-tipped needles
Armour
 c - a +0 robe (melded)
 d - a +0 cloak (melded)
Jewellery
 n - a ring of flight (left branch)
Scrolls
 p - a scroll of teleportation
 q - 2 scrolls of identify
Potions
 h - a potion of haste
 i - a potion of flight
 j - a potion of lignification
 k - 3 potions of heal wounds {unknown}
 m - a potion of berserk rage {unknown}
 o - a potion of agility {unknown}
Comestibles
 g - 8 rations


   Skills:
 + Level 2.8 Fighting
 + Level 4.8 Short Blades
 + Level 3.1 Throwing
 + Level 4.8 Dodging
 + Level 8.0 Stealth
 + Level 1.3 Spellcasting
 + Level 0.4 Hexes


You had 4 spell levels left.
You knew the following spells:

 Your Spells              Type           Power        Failure   Level  Hunger
a - Confuse               Hex            #.......     56%         3    ####...
b - Confusing Touch       Hex            #.....       22%         1    ##.....

Your spell library contained the following spells:

 Spells                   Type           Power        Failure   Level  Hunger
 Gell's Gravitas          Tloc           #.........   63%         3    ####...
 Petrify                  Tmut/Erth      #.......     95%         4    #####..
 Metabolic Englaciation   Hex/Ice        #.........   100%        5    ######.
 Yara's Violent Unravell  Hex/Tmut       #.........   100%        5    ######.


Dungeon Overview and Level Annotations

Branches:
Dungeon (4/15)             Temple (1/1) D:4

Altars:
Ashenzari
Cheibriados
Dithmenos
Elyvilon
Fedhas
Gozag
Hepliaklqana
Makhleb
Nemelex Xobeh
Okawaru
Qazlal
Ru
Sif Muna
Trog
Uskayaw
Xom
Zin
The Shining One

Annotations:
D:4 Natasha


Innate Abilities, Weirdness & Mutations

You are very small and have problems with some larger weapons.
You are too small for most types of armour.
You have supernaturally acute eyesight. (SInv)
You are a herbivore.
((You cover ground extremely quickly.))
You need to consume almost no food.


Message History

The worker ant is almost dead.
The worker ant bites you.
* * * LOW HITPOINT WARNING * * *
You are lethally poisoned!
The worker ant poisons you!
* * * LOW HITPOINT WARNING * * *
You feel sick.
Wield which item (- for none, * to show all)? (? for menu, Esc to quit)
Okay, then.
It was a potion of flight.
You feel very buoyant.
You fly up into the air.
* * * LOW HITPOINT WARNING * * *
You feel sick.
It was a potion of lignification.
You turn into a tree.
Your +0 cloak melds into your body.
Your +0 robe melds into your body.
Your roots penetrate the ground.
* * * LOW HITPOINT WARNING * * *
You feel sick. The worker ant bites you.
You die...

.....#........#.....#
.....#........#.....#
##'####.......#.....#
.....##...######...##
......#...##. ##..†##
.....[#...#...#.....#
.[....#...#...'.....#
......#...#...##..)##
......#...'.(.##♣..##
.....##...#.....a...#
.....##...##........#
.....##...##........#
.....#...((........##
...§.h....(.........#
.....#........#####.#
#######...##..# ##
#...##..#


You could see a worker ant.

Vanquished Creatures
  An ogre (D:3)
  A scorpion (D:4)
  A howler monkey (D:4)
  A hound (D:4)
  An orc priest (D:3)
  3 orc wizards
  Natasha (twice) (D:4)
  A worker ant (D:4)
  3 adders (D:2)
  An ooze (D:1)
  2 worms
  A dart slug (D:1)
  2 leopard geckos
  10 orcs
  9 bats
  5 giant cockroaches
  9 goblins
  15 hobgoblins
  4 jackals (D:2)
  10 kobolds
  4 quokkas
  2 ball pythons (D:1)
  5 frilled lizards
  12 rats
105 creatures vanquished.

Notes
Turn   | Place    | Note
-------+----------+-------------------------------------------
     0 | D:1      | Cykl0x the Spriggan Assassin began the quest for the Orb.
     0 | D:1      | Reached XP level 1. HP: 10/10 MP: 2/2
    68 | D:1      | Reached skill level 6 in Stealth
   435 | D:1      | Reached XP level 2. HP: 7/14 MP: 3/3
   886 | D:1      | Reached XP level 3. HP: 18/18 MP: 4/4
  1391 | D:2      | Found a sacrificial altar of Ru.
  1391 | D:2      | Found a white marble altar of Elyvilon.
  1391 | D:2      | Found a bloodstained altar of Trog.
  1392 | D:2      | Found a blossoming altar of Fedhas.
  1740 | D:2      | Found an iron altar of Okawaru.
  2129 | D:2      | Reached XP level 4. HP: 11/23 MP: 5/5
  2480 | D:2      | Found a bloodstained altar of Trog.
  3147 | D:3      | Noticed an ogre
  3152 | D:3      | Killed an ogre
  3152 | D:3      | Reached skill level 7 in Stealth
  3152 | D:3      | Reached XP level 5. HP: 26/26 MP: 6/6
  3275 | D:3      | Found a hide-covered altar of Uskayaw.
  3690 | D:3      | Reached XP level 6. HP: 5/32 MP: 7/7
  4040 | D:3      | Found a stormy altar of Qazlal.
  4075 | D:3      | Learned a level 3 spell: Confuse
  4077 | D:3      | Learned a level 1 spell: Confusing Touch
  4620 | D:4      | Found a staircase to the Ecumenical Temple.
  4633 | Temple   | Entered the Ecumenical Temple
  4755 | Temple   | Became a worshipper of Dithmenos the Shadowed
  4796 | D:4      | Noticed Natasha
  4808 | D:4      | Killed Natasha
  5091 | D:4      | Noticed Natasha
  5144 | D:4      | Reached skill level 1 in Spellcasting
  5539 | D:4      | Killed Natasha
  5808 | D:4      | Noticed Natasha
  5813 | D:4      | Reached skill level 8 in Stealth
  5813 | D:4      | Reached XP level 7. HP: 35/35 MP: 9/9
  5974 | D:4      | Slain by a worker ant

Skill      XL: |  1  2  3  4  5  6 |
---------------+-------------------+-----
Stealth        | 6 7 8 |  8.0
Dodging        | 2 3 4 |  4.8
Short Blades   | 3 4 |  4.8
Fighting       | 2 |  2.8
Spellcasting   | 1 |  1.3
Throwing       | 3 |  3.1
Hexes          | |  0.4

Action                   |  1- 3 |  4- 6 |  7- 9 || total
-------------------------+-------+-------+-------++-------
Melee: Dagger            |   199 |   287 |       ||   486
       Unarmed           |       |     2 |       ||     2
       Short sword       |       |     1 |    15 ||    16
 Fire: Blowgun           |     5 |    37 |     4 ||    46
 Cast: Confusing Touch   |       |     3 |       ||     3
  Use: Scroll            |     3 |     3 |       ||     6
       Potion            |       |       |     2 ||     2
 Stab: Sleeping          |     8 |     8 |       ||    16
       Distracted        |       |     2 |       ||     2
       Confused          |       |     2 |       ||     2
  Eat: Ration            |       |     2 |       ||     2
Armor: Robe              |    26 |    30 |     2 ||    58
Dodge: Dodged            |   196 |   194 |    19 ||   409
